 Dungeon Crawl Stone Soup version 0.24-a0-549-g45f0056d81 (webtiles) character file.

Game seed: 14756396097425265048

616 Ijustatesigmund the Skirmisher (level 7, -1/77 (78) HPs)
             Began as an Ogre Fighter on Aug 20, 2019.
             Slain by a necrophage (2 damage)
             ... on level 6 of the Dungeon.
             The game lasted 00:07:38 (5340 turns).

Ijustatesigmund the Skirmisher (Ogre Fighter)       Turns: 5340, Time: 00:07:39

HP:   -1/77 (78)    AC:  3    Str: 21    XL:     7   Next: 45%
MP:   7/7           EV:  8    Int:  9    God:
Gold: 176           SH: 12    Dex: 10    Spells: 6/6 levels left

rFire    . . .     SeeInvis .   a - +1 morningstar
rCold    . . .     Gourm    .   c - +0 shield
rNeg     . . .     Faith    .   b - +0 robe
rPois    .         Spirit   .   (helmet restricted)
rElec    .         Reflect  +   (no cloak)
rCorr    .         Harm     .   (gloves unavailable)
MR       .....                  (boots unavailable)
Stlth    +.........             n - +4 amulet of reflection
HPRegen  0.00/turn              (no ring)
MPRegen  0.10/turn              (no ring)

@: non-regenerating, diseased
A: large, unfitting armour, tough skin 1
a: no special abilities


You were on level 6 of the Dungeon.
You were hungry.

You visited 2 branches of the dungeon, and saw 7 of its levels.

You collected 176 gold pieces.

Inventory:

Hand Weapons
 a - a +1 morningstar (weapon)
Missiles
 h - 2 throwing nets (quivered)
Armour
 b - a +0 robe (worn)
 c - a +0 shield (worn)
Jewellery
 n - a +4 amulet of reflection (around neck)
Wands
 d - a wand of iceblast (3)
Scrolls
 j - 2 scrolls of remove curse
 r - a scroll of immolation
Potions
 e - 4 potions of cancellation
 g - 2 potions of flight
 i - a potion of brilliance
 k - 3 potions of lignification
 l - 2 potions of haste {unknown}
 m - a potion of curing
 p - a potion of agility {unknown}
Comestibles
 f - 8 rations


   Skills:
 + Level 7.0 Fighting
 * Level 6.1 Maces & Flails
 + Level 2.7 Dodging
 - Level 2.6 Shields


You had 6 spell levels left.
You didn't know any spells.
Your spell library contained the following spells:

 Spells                   Type           Power        Failure   Level  Hunger
 Animate Skeleton         Necr           N/A          85%         1    ##.....
 Pain                     Necr           #...         85%         1    ##.....
 Regeneration             Chrm/Necr      #.........   99%         3    ####...
 Vampiric Draining        Necr           #.........   99%         3    ####...
 Animate Dead             Necr           N/A          100%        4    #####..


Dungeon Overview and Level Annotations

Branches:
Dungeon (6/15)             Temple (1/1) D:5

Altars:
Ashenzari
Cheibriados
Dithmenos
Elyvilon
Fedhas
Gozag
Hepliaklqana
Makhleb
Nemelex Xobeh
Qazlal
Ru
Sif Muna
Trog
Uskayaw
Wu Jian
Xom
Yredelemnul
Zin
The Shining One

Shops:
D:4 :


Innate Abilities, Weirdness & Mutations

You are too large for most types of armour.
You have tough skin. (AC +1)


Message History

You are too injured to fight recklessly!
You are too injured to fight recklessly!
You are too injured to fight recklessly!
You are too injured to fight recklessly!
You are too injured to fight recklessly!
You barely miss the ogre. You block the necrophage's attack.
The orc hits you with a +0 hand axe. You block the ogre's attack.
The necrophage hits you.
You hit the ogre.
The ogre is lightly wounded.
The orc hits you with a +0 hand axe.
The necrophage hits you but does no damage.
The ogre hits you with a +0 giant club!!
* * * LOW HITPOINT WARNING * * *
You sock the ogre!
The ogre is heavily wounded.
The orc hits you with a +0 hand axe.
* * * LOW HITPOINT WARNING * * *
The necrophage hits you.
You die...

### ####.### ##......#
#..@o.### ###
#####..nO..##
#..##..#........#
#....................#
#...................n.#
####...........##...#..
#.............#.#...
#...............#....
##................ ...


You could see an ogre, a necrophage and an orc.

Vanquished Creatures
  An ogre (D:4)
  A centaur (D:5)
  2 orc priests
  2 hounds
  A jelly (D:5)
  A centaur skeleton (D:4)
  2 worker ants (D:4)
  2 orc wizards
  3 adders
  A shadow imp (D:6)
  An adder skeleton (D:5)
  2 worms (D:4)
  2 dart slugs
  4 leopard geckos
  21 orcs
  A ball python (D:2)
  4 bats
  2 giant cockroaches (D:4)
  8 goblins
  3 hobgoblins
  4 jackals (D:1)
  7 kobolds
  A quokka (D:3)
  A ball python skeleton (D:5)
  3 frilled lizards
  A jackal skeleton (D:5)
  A quokka skeleton (D:4)
  7 rats
89 creatures vanquished.

Vanquished Creatures (others)
  5 dream sheep (D:3)
  An orc wizard (D:5)
6 creatures vanquished.

Grand Total: 95 creatures vanquished

Notes
Turn   | Place    | Note
-------+----------+-------------------------------------------
     0 | D:1      | Ijustatesigmund the Ogre Fighter began the quest for the
                  | Orb.
     0 | D:1      | Reached XP level 1. HP: 24/24 MP: 1/1
    25 | D:1      | Reached XP level 2. HP: 15/32 MP: 2/2
   602 | D:1      | Reached XP level 3. HP: 32/40 MP: 3/3
  1583 | D:2      | Found a stormy altar of Qazlal.
  1908 | D:3      | Found a faded altar of an unknown god.
  1982 | D:4      | Reached XP level 4. HP: 49/49 MP: 4/4
  2085 | D:3      | Reached skill level 5 in Fighting
  2409 | D:3      | Noticed a dream sheep
  2409 | D:3      | Noticed a dream sheep
  2409 | D:3      | Noticed a dream sheep
  2409 | D:3      | Noticed a dream sheep
  2409 | D:3      | Noticed a dream sheep
  2409 | D:3      | Found a shimmering altar of Xom.
  2414 | D:3      | Killed a dream sheep
  2414 | D:3      | Killed a dream sheep
  2414 | D:3      | Killed a dream sheep
  2414 | D:3      | Killed a dream sheep
  2414 | D:3      | Killed a dream sheep
  2457 | D:3      | Found an opulent altar of Gozag.
  2472 | D:3      | Reached XP level 5. HP: 45/57 MP: 5/5
  2686 | D:3      | Found a snail-covered altar of Cheibriados.
  2877 | D:4      | Found Qetzud's Book Shop.
  2925 | D:4      | Found a basalt altar of Yredelemnul.
  3369 | D:4      | Noticed an ogre
  3374 | D:4      | Killed an ogre
  3374 | D:4      | Reached skill level 6 in Fighting
  3374 | D:4      | Reached XP level 6. HP: 67/67 MP: 6/6
  3474 | D:4      | Reached skill level 5 in Maces & Flails
  4276 | D:4      | Found a burning altar of Makhleb.
  4276 | D:4      | Noticed an Executioner
  4366 | D:5      | Entered Level 5 of the Dungeon
  4383 | D:5      | Reached XP level 7. HP: 48/76 MP: 7/7
  4475 | D:5      | Found a staircase to the Ecumenical Temple.
  4705 | Temple   | Entered the Ecumenical Temple
  4928 | D:5      | Reached skill level 7 in Fighting
  5340 | D:6      | HP: 1/77 [orc/+0 hand axe (5)]
  5340 | D:6      | Slain by a necrophage

Levels and vault maps discovered:
D:1:      ncdulo_halloftheorcs, layout_loops_corners, minmay_misc_feat_rugged
D:2:      layout_rooms, grunt_qazlal_sundering
D:3:      layout_loops_ring, old_standard_altar, kennysheep_slug_shrine,
          chequers_ecumenical_altar_simple, kb_xom_exploding_sheep
D:4:      layout_basic, kennysheep_little_box, makhleb_altar_promises_db,
          serial_shops, shop
D:5:      layout_rooms, minmay_temple_entry_offerings, first_ration,
          minivault_14, minmay_fountain_box
D:6:      kennysheep_orc_sif_temple, layout_cave_pools, kennysheep_mini_moat
Temple:   nicolae_temple_great_sept

Skill      XL: |  1  2  3  4  5  6  7 |
---------------+----------------------+-----
Maces & Flails | 2 3 4 5 6 |  6.1
Fighting       | 5 6 7 |  7.0
Dodging        | |  2.7
Shields        | |  2.6

Action                   |  1- 3 |  4- 6 |  7- 9 || total
-------------------------+-------+-------+-------++-------
Melee: Flail             |   130 |    95 |       ||   225
       Morningstar       |       |    33 |    56 ||    89
  Use: Scroll            |    10 |     1 |     3 ||    14
       Potion            |       |     1 |       ||     1
  Eat: Chunk             |     4 |     5 |     1 ||    10
       Ration            |       |     1 |       ||     1
Armor: Robe              |    24 |    10 |     9 ||    43
Dodge: Dodged            |    64 |    35 |    11 ||   110
Block: Shield            |    64 |    45 |    21 ||   130

Table legend:
 A = Non-vault XP
 B = Vault XP
 C = Vault XP percentage of total XP
 D = Non-vault monster count
 E = Vault monster count
 F = Vault count percentage of total count
                 A         B        C        D         E       F
            +---------+---------+-------+---------+---------+-------
      Total |     876 |       4 |   0.5 |      89 |       1 |   1.1
            +---------+---------+-------+---------+---------+-------
        D:1 |      48 |       0 |   0.0 |      25 |       0 |   0.0
        D:2 |      22 |       0 |   0.0 |       6 |       0 |   0.0
        D:3 |     118 |       4 |   3.3 |      14 |       1 |   6.7
        D:4 |     361 |       0 |   0.0 |      25 |       0 |   0.0
        D:5 |     303 |       0 |   0.0 |      14 |       0 |   0.0
        D:6 |      24 |       0 |   0.0 |       5 |       0 |   0.0
            +---------+---------+-------+---------+---------+-------
